 Dungeon Crawl Stone Soup version 0.31-a0-486-g8d68a81214 (webtiles) character file.

Game seed: 1950428786571885954

1080 Zonian the Trooper (level 8, -3/53 (57) HPs)
             Began as an Octopode Shapeshifter on Aug 7, 2023.
             Was an Initiate of Gozag.
             Killed from afar by an electric eel (7 damage)
             ... with a bolt of electricity
             ... on level 6 of the Dungeon.
             The game lasted 00:09:46 (5643 turns).

Zonian the Trooper (Octopode Shapeshifter)          Turns: 5643, Time: 00:09:48

HP:   -3/53 (57)    AC:  1    Str: 16    XL:     8   Next: 29%
MP:   8/8           EV: 14    Int: 11    God:    Gozag
Gold: 497           SH:  0    Dex: 12    Spells: 7/7 levels left

rFire   . .          .
                       - Unarmed
rCold   . . .        (no shield)
rNeg    . . .        (helmet currently unavailable)
rPois   .            (no amulet)
rElec   .            (no ring)
rCorr   .            (no ring)
SInv    .            (no ring)
Will    .....        (no ring)
Stlth   +++          (no ring)
HPRegen 0.28/turn    (no ring)
MPRegen 0.11/turn    (no ring)
                     (no ring)

%: no passive effects
@: beast-form, studying Fighting, drained
A: beast (slay +3), almost no armour, amphibious, 8 rings, camouflage 1,
gelatinous body 1, nimble swimmer 1, tentacles
a: Begin Untransformation, Renounce Religion, Potion Petition, Call Merchant,
Bribe Branch


You were on level 6 of the Dungeon.
You worshipped Gozag.
Gozag was aware of your devotion.
You were a hulking beast.
You visited 1 branch of the dungeon, and saw 6 of its levels.

You collected 530 gold pieces.
You paid 33 gold pieces to Gozag.

Inventory:

Talismans
 b - a beast talisman (active)
Wands
 l - a wand of flame (30)
 n - a wand of polymorph (3)
 q - a wand of charming (8)
 r - a wand of digging (3)
Scrolls
 f - 2 scrolls of revelation
 h - a scroll of fear
 k - 2 scrolls of amnesia
Potions
 a - 2 potions of lignification
 c - a potion of brilliance
 d - a potion of haste {unknown}
 e - a potion of heal wounds
 i - 3 potions of magic
 j - a potion of invisibility
 m - a potion of cancellation
 o - a potion of ambrosia
 p - a potion of degeneration {unknown}


   Skills:
 * Level 6.2 Fighting
 - Level 5.0 Dodging
 - Level 5.4 Unarmed Combat
 - Level 4.8 Shapeshifting


You had 7 spell levels left.
You didn't know any spells.
Your spell library contained the following spells:

 Spells                   Type           Power      Damage    Failure   Level
 Kiss of Death            Conj/Necr      0%         2d5       34%         1
 Lesser Beckoning         Tloc           0%         N/A       47%         2
 Confusing Touch          Hex            0%         N/A       71%         3
 Gell's Gravitas          Tloc           0%         N/A       71%         3
 Teleport Other           Tloc           0%         N/A       71%         3
 Dispel Undead            Necr           0%         3d6       98%         4


Dungeon Overview and Level Annotations

Branches:
Dungeon (6/15)
 Temple: D:4-7

Altars:
Fedhas
Gozag
Qazlal
Vehumet

Shops:
D:6 ?:=

Annotations:
D:4 Dowan, Duvessa


Innate Abilities, Weirdness & Mutations

You are a hulking beast.
Your limbs bulge with bestial killing power. (Slay +3)
You cannot wear most types of armour.
You are amphibious.
You can wear up to eight rings at the same time.
Your skin changes colour to match your surroundings (Stealth+).
Your rubbery body absorbs attacks. (AC +1, EV +1)
You are camouflaged when in or above water. (Stealth+)
You have tentacles for arms and can constrict up to eight enemies at once.


Message History

Okay, then.
Okay, then.
As you read the scroll of teleportation, it crumbles to dust.
You feel strangely unstable. The wight closely misses you.
The wight attacks as you move away!
The wight hits you with a +1 dagger of freezing!
* * * LOW HITPOINT WARNING * * *
You feel drained.
* * * LOW HITPOINT WARNING * * *
The wight freezes you.
* * * LOW HITPOINT WARNING * * *
The wight is distracted by your dazzling golden aura.
You feel much better. The wight barely misses you.
Your surroundings suddenly seem different.
Floosh!
You fall into the deep water.
A sleepcap and an electric eel come into view.
Found three shops.
The electric eel shoots out a bolt of lightning at you!
The bolt of electricity hits you!
* * * LOW HITPOINT WARNING * * *
Unknown command.
Aiming: Throw Flame
Press: ? - help, Shift-Dir - straight line, f - electric eel
Aim: an electric eel (water, 48% to hit)
Aiming: Throw Flame
Press: ? - help, Shift-Dir - straight line, f/p - electric eel
Aim: an electric eel (steam, water, heavily wounded, 48% to hit)
The puff of flame misses the electric eel.
You are engulfed in a cloud of scalding steam.
* * * LOW HITPOINT WARNING * * *
The electric eel is engulfed in a cloud of scalding steam.
You closely miss the electric eel. Your grab misses the electric eel.
The electric eel is almost dead.
You are engulfed in a cloud of scalding steam.
* * * LOW HITPOINT WARNING * * *
The electric eel shoots out a bolt of lightning at you!
The bolt of electricity hits you!
You die...
Your body crumbles into a pile of gold.

## # .# ♣ ##.
.# ... ##...
.#♣.⌠.∩
......##f...§§.
#...≈≈hS≈§§≈≈≈
#...≈≈§§≈≈§≈§≈
#...#.#.....§.
.... .. .#♣.∩.∩
... ##. .# ...
.. .. ## ♣♣ .
.# .# $


You could see a sleepcap and an electric eel.

Vanquished Creatures
  Edmund (D:4)
  A phantom (D:4)
  Blork the orc (D:4)
  4 scorpions
  3 wights (D:6)
  A jelly (D:5)
  An orc priest (D:5)
  3 hounds
  A sleepcap (D:5)
  An iguana (D:4)
  Ijyb (D:4)
  5 gnolls
  7 adders
  A shadow imp (D:6)
  3 worms (D:2)
  2 dart slugs
  10 orcs
  5 ball pythons
  6 bats
  15 endoplasms
  6 giant cockroaches
  3 goblins
  6 hobgoblins
  4 jackals (D:4)
  4 quokkas
  2 frilled lizards
  8 kobolds
  2 rats
107 creatures vanquished.

Notes
Turn   | Place    | Note
-------+----------+-------------------------------------------
     0 | D:1      | Zonian the Octopode Shapeshifter began the quest for the
                  | Orb.
     0 | D:1      | Reached XP level 1. HP: 13/13 MP: 1/1
     3 | D:1      | Noticed an electric eel
     4 | D:1      | Noticed an electric eel
   126 | D:1      | Reached XP level 2. HP: 18/18 MP: 2/2
   140 | D:1      | Found a faded altar of an unknown god.
   477 | D:1      | Reached XP level 3. HP: 14/23 MP: 3/3
  1053 | D:2      | Reached skill level 2 in Fighting
  1097 | D:2      | Reached XP level 4. HP: 27/29 MP: 4/4
  1556 | D:3      | Found a stormy altar of Qazlal.
  1566 | D:3      | Found an opulent altar of Gozag.
  1578 | D:3      | Became a worshipper of Gozag Ym Sagoz the Greedy
  1636 | D:3      | Reached XP level 5. HP: 22/35 MP: 5/5
  2450 | D:3      | Found a blossoming altar of Fedhas.
  2692 | D:4      | Reached XP level 6. HP: 41/41 MP: 6/6
  2731 | D:4      | Noticed Ijyb
  2736 | D:4      | Killed Ijyb
  2737 | D:4      | Reached skill level 3 in Fighting
  2932 | D:4      | Noticed Duvessa
  3057 | D:4      | Noticed Blork the orc
  3064 | D:4      | Killed Blork the orc
  3118 | D:4      | Noticed Edmund
  3121 | D:4      | Reached XP level 7. HP: 39/46 MP: 7/7
  3124 | D:4      | Killed Edmund
  3221 | D:4      | Noticed Dowan
  4083 | D:5      | Entered Level 5 of the Dungeon
  4131 | D:5      | Identified a scroll of acquirement
  4131 | D:5      | Acquired a manual of Fighting
  4158 | D:5      | Found a radiant altar of Vehumet.
  4252 | D:5      | Reached skill level 4 in Fighting
  4385 | D:5      | Reached skill level 5 in Unarmed Combat
  5116 | D:6      | Reached XP level 8. HP: 46/54 MP: 8/8
  5169 | D:6      | Reached skill level 5 in Fighting
  5520 | D:5      | Reached skill level 5 in Dodging
  5633 | D:6      | Reached skill level 6 in Fighting
  5640 | D:6      | Found Pummoub's Book Boutique.
  5640 | D:6      | Found Yteckusyoph's Magic Scroll Shoppe.
  5640 | D:6      | Found Meet's Jewellery Emporium.
  5643 | D:6      | Killed from afar by an electric eel

Illustrated notes

Levels and vault maps discovered:
D:1:      arrival_aquarium_b, layout_loops_ring,
          hellmonk_ecumenical_altar_pennies_from_heaven
D:2:      layout_loops_cross
D:3:      layout_basic, lemuel_coloured_pillars_altar,
          mainiacjoe_overflow_large_starburst
D:4:      layout_loops_ring, minivault_19, uniq_ijyb, uniq_edmund,
          uniq_blork_the_orc, uniq_duvessa
D:5:      layout_loops_ring, mainiacjoe_overflow_paths
D:6:      layout_cave_pools, nicolae_wooded_promenade, uniq_menkaure

Skill      XL: |  1  2  3  4  5  6  7  8 |
---------------+-------------------------+-----
Fighting       | 2 3 4 6 |  6.2
Dodging        | 3 4 5 |  5.0
Unarmed Combat | 4 5 |  5.4
Shapeshifting  | 4 |  4.8

Action                     |  1- 3 |  4- 6 |  7- 9 || total
---------------------------+-------+-------+-------++-------
  Melee: Unarmed           |    77 |    98 |    62 ||   237
         Constrict         |    15 |    26 |    19 ||    60
         Tentacles         |    14 |    18 |    14 ||    46
         Punch             |     1 |     3 |     5 ||     9
  Evoke: Wand              |       |       |     2 ||     2
    Use: Scroll            |       |    10 |     7 ||    17
         Potion            |       |     1 |     1 ||     2
   Stab: Sleeping          |     4 |    11 |     2 ||    17
         Distracted        |       |       |     1 ||     1
 Armour: Skin              |    10 |     8 |     3 ||    21
  Dodge: Dodged            |    42 |    44 |    33 ||   119

Table legend: (Time is in decaauts)
 A = Elapsed time spent in this place.
 B = Non-inter-level travel time spent in this place.
 C = Inter-level travel time spent in this place.
 D = Time resting spent in this place.
 E = Time spent auto-exploring this place.
 F = Levels seen in this place.
 G = Mean time per level.
                   A        B        C        D        E       F      G
               +--------+--------+--------+--------+--------+-----+--------+
         Total |   5627 |   5455 |    172 |   1509 |   2818 |   6 |  937.8 |
       Dungeon |   5627 |   5455 |    172 |   1509 |   2818 |   6 |  937.8 |
               +--------+--------+--------+--------+--------+-----+--------+

Top non-repeatable levels by time:
     D:3: 1523 daAuts
     D:5: 1357 daAuts
     D:4: 1168 daAuts
     D:1: 806 daAuts
     D:2: 572 daAuts
     D:6: 199 daAuts
